 Dungeon Crawl Stone Soup version 0.28.0 (webtiles) character file.

Game seed: 8118883959546569989

439 AmazingTV the Skirmisher (level 6, -9/60 HPs)
             Began as a Minotaur Fighter on Mar 22, 2024.
             Mangled by a kobold brigand (20 damage)
             ... in a sewer.
             The game lasted 00:05:34 (2462 turns).

AmazingTV the Skirmisher (Minotaur Fighter)         Turns: 2462, Time: 00:05:34

Health: -9/60      AC:  6    Str: 20    XL:     6   Next: 70%
Magic:  5/5        EV:  9    Int:  7    God:
Gold:   92         SH:  4    Dex: 10    Spells: 5/5 levels left

rFire   . . .      SeeInvis .   a - +0 war axe {axe}
rCold   . . .      Faith    .   c - +0 buckler
rNeg    . . .      Spirit   .   b - +0 scale mail
rPois   .          Reflect  .   (helmet restricted)
rElec   .          Harm     .   (no cloak)
rCorr   .          Rampage  .   (no gloves)
Will    .....                   (no boots)
Stlth   ..........              (no amulet)
HPRegen 0.20/turn               (no ring)
MPRegen 0.09/turn               (no ring)

@: no status effects
A: horns 2, retaliatory headbutt
a: no special abilities


You were in a sewer.
You visited 1 branch of the dungeon, and saw 3 of its levels.
You also visited: Sewer.

You collected 92 gold pieces.


Innate Abilities, Weirdness & Mutations

You have a pair of horns on your head.
You reflexively headbutt those who attack you in melee.


   Skills:
 + Level 7.0 Fighting
 + Level 6.3 Axes
 - Level 3.6 Armour
 - Level 3.6 Shields


You had 5 spell levels left.
You didn't know any spells.
Your spell library contained the following spells:

 Spells                   Type           Power      Damage    Failure   Level
 Corpse Rot               Necr/Air       0%         N/A       95%         2
 Poisonous Vapours        Pois/Air       0%         N/A       95%         2
 Ozocubu's Armour         Ice            0%         N/A       99%         3
 Ozocubu's Refrigeration  Ice            0%         4d5       100%        7

Inventory:

Hand Weapons
 a - a +0 war axe (weapon) {axe}
Missiles
 e - 59 bolts
 f - 49 stones (quivered)
 i - 15 arrows
 j - 4 curare-tipped darts {=f}
 l - 3 poisoned darts
Armour
 b - a +0 scale mail (worn)
 c - a +0 buckler (worn)
Scrolls
 h - 3 scrolls of identify {unknown}
 k - 2 scrolls of vulnerability {unknown}
Potions
 d - a potion of might
 g - 3 potions of curing {unknown}
 m - a potion of mutation {unknown}

Dungeon Overview and Level Annotations

Branches:
Dungeon (3/15)              Sewer (1/1)

Altars:
Zin

Shops:
D:3

*
≈≈≈≈≈≈≈≈≈#≈#≈≈≈≈≈#≈#≈≈≈≈
≈≈≈≈≈≈≈≈#≈#≈≈≈≈≈# #≈≈≈≈
#≈≈≈≈≈≈#≈# ≈≈# #≈≈≈≈
#≈.≈≈≈≈#≈# ≈≈≈# #≈≈≈≈
#.≈.≈≈≈#≈# ≈≈≈≈# #≈≈≈≈
##≈≈.≈#≈#..≈≈≈≈
#...≈≈...P####
######.≈.....≈≈≈≈≈
≈≈≈≈≈≈K@.....#####
######...?≈≈P.≈≈≈
#..≈..≈..≈≈≈≈
###≈.≈.≈.≈≈≈≈≈
#.###.≈≈≈≈#≈ ### #≈####
##


You could see a kobold brigand.


Message History

Moving in this stuff is going to be slow.
You see here an adder corpse.
You enter the shallow water.
Moving in this stuff is going to be slow.
You enter the shallow water.
Moving in this stuff is going to be slow.
You see here a river rat corpse.
A kobold brigand comes into view. It is wielding a +0 dagger.
The kobold brigand shouts!
The kobold brigand unwields a +0 dagger.
The kobold brigand wields a +0 hand crossbow.
The kobold brigand shoots a bolt.
The bolt hits you! 😕 HP[-8]
You take 8 damage, and now have 50/58 hp.
The kobold brigand shoots a bolt.
The bolt closely misses you.
You see here a river rat corpse. 😕 HP[+1] 😕 HP[+1]
The kobold brigand shoots a bolt.
The bolt hits you but does no damage. 😕 HP[+1]
The kobold brigand shoots a bolt.
The bolt hits you! 😮 HP[-12]
You take 12 damage, and now have 41/58 hp.
MASSIVE DAMAGE!! (PAUSE)
The kobold brigand unwields a +0 hand crossbow.
The kobold brigand wields a +0 dagger.
You block the kobold brigand's attack.
You slash the kobold brigand!
You block the kobold brigand's attack. 😮 HP[+1]
You hit the kobold brigand.
The kobold brigand hits you but does no damage.
You block the kobold brigand's attack.
You barely miss the kobold brigand.
Your headbutt misses the kobold brigand.
The kobold brigand barely misses you. You furiously retaliate!
You headbutt the kobold brigand. You slash the kobold brigand!
You kill the kobold brigand!
You hear a splash. x3
Your Fighting skill increases to level 7! 😮 HP[+2]
You now have 60 max hp (+2).
You regained 2 hp, and now have 44/60 hp.
You enter the shallow water.
Moving in this stuff is going to be slow.
e - 59 bolts (gained 20)
Things that are here:
a +0 dagger {short}; a +0 hand crossbow {crossbow}; a river rat corpse A rat comes into view. 😎 HP[+16]
Your hp is fully restored (60).
You hit the rat.
You kill the rat!
You hit the plant.
The plant begins to die.
A kobold brigand comes into view.
It is wielding a +2 short sword of electrocution and quivering poisoned darts.
The kobold brigand shouts!
A nearby plant withers and dies.
You enter the shallow water.
Moving in this stuff is going to be slow.
Unknown command.
You enter the shallow water.
Moving in this stuff is going to be slow.
The kobold brigand hits you with a +2 short sword of electrocution! 😕 HP[-8]
You take 8 damage, and now have 52/60 hp.
The kobold brigand hits you with a +2 short sword of electrocution.
You are electrocuted! 😮 HP[-18]
You take 18 damage, and now have 34/60 hp.
MASSIVE DAMAGE!! (PAUSE)
You slash the kobold brigand!
Your headbutt misses the kobold brigand.
You slash the plant!
The plant begins to die.
The kobold brigand hits you with a +2 short sword of electrocution.
* * * LOW HITPOINT WARNING * * *
😨 HP[-5]
You take 5 damage, and now have 29/60 hp.
You closely miss the kobold brigand. You hit the plant but do no damage.
The kobold brigand misses you. The kobold brigand barely misses you.
You barely miss the kobold brigand.
Your headbutt misses the kobold brigand.
You hit the plant.
The kobold brigand hits you with a +2 short sword of electrocution.
* * * LOW HITPOINT WARNING * * *
You are electrocuted!
* * * LOW HITPOINT WARNING * * *
😱 HP[-16]
You take 16 damage, and now have 13/60 hp.
MASSIVE DAMAGE!! (PAUSE)
You barely miss the kobold brigand. You slash the plant!
A nearby plant withers and dies.
The kobold brigand closely misses you.
You slash the kobold brigand!
The kobold brigand hits you with a +2 short sword of electrocution.
* * * LOW HITPOINT WARNING * * *
😱 HP[-1]
You take 1 damage, and now have 12/60 hp.
You barely miss the kobold brigand.
The kobold brigand hits you with a +2 short sword of electrocution.
* * * LOW HITPOINT WARNING * * *
You are electrocuted!!
You die...

Skill      XL: |  1  2  3  4  5  6 |
---------------+-------------------+-----
Fighting       | 4 5 6 7 |  7.0
Axes           | 3 4 5 6 |  6.3
Armour         | |  3.6
Shields        | |  3.6

Action                   |  1- 3 |  4- 6 || total
-------------------------+-------+-------++-------
Melee: War axe           |    80 |   100 ||   180
       Headbutt          |     8 |     9 ||    17
Armor: Scale mail        |    44 |    45 ||    89
Dodge: Dodged            |    38 |    50 ||    88
Block: Buckler           |    12 |    23 ||    35

Levels and vault maps discovered:
D:1:      kilobyte_arrival_exit_the_forest, layout_basic,
          amcnicky_mini_pool_small, grunt_decor_resistance
D:2:      layout_rooms, shapermc_ecumenical_altar_venn, minmay_between
D:3:      layout_basic, zin_purify, cheibrodos_sewer_entry_sluice, st_stairs_4,
          uniq_terence
Sewer:    sewer_co_scattered_pipes

Notes
Turn   | Place    | Note
-------+----------+-------------------------------------------
     0 | D:1      | AmazingTV the Minotaur Fighter began the quest for the Orb.
     0 | D:1      | Reached XP level 1. HP: 19/19 MP: 0/0
     0 | D:1      | magus.rc [v1.9.6]
   311 | D:1      | Reached skill level 4 in Fighting
   450 | D:1      | Reached skill level 3 in Axes
   450 | D:1      | Reached XP level 2. HP: 25/27 MP: 1/1
   616 | D:1      | You pick up a book of Vapours and begin reading...
   616 | D:1      | You add the spells Poisonous Vapours and Corpse Rot to your
                  | library.
   894 | D:1      | You add the spells Ozocubu's Armour and Ozocubu's
                  | Refrigeration to your library.
  1167 | D:2      | Reached XP level 3. HP: 31/34 MP: 2/2
  1403 | D:2      | Noticed a phantom
  1410 | D:2      | Killed a phantom
  1411 | D:2      | Reached skill level 5 in Fighting
  1411 | D:2      | Reached skill level 4 in Axes
  1411 | D:2      | Reached XP level 4. HP: 41/42 MP: 3/3
  1522 | D:2      | Found a faded altar of an unknown god.
  1673 | D:2      | Reached XP level 5. HP: 41/48 MP: 4/4
  1765 | D:3      | Noticed an ogre
  1772 | D:3      | Killed an ogre
  1773 | D:3      | Reached skill level 6 in Fighting
  1773 | D:3      | Reached skill level 5 in Axes
  1784 | D:3      | Found a glowing silver altar of Zin.
  1784 | D:3      | Found Zin's Purification Station.
  1808 | D:3      | Found a glowing drain.
  1896 | Sewer    | Entered a sewer
  1932 | Sewer    | Reached XP level 6. HP: 36/58 MP: 5/5
  2227 | Sewer    | Reached skill level 6 in Axes
  2355 | Sewer    | Reached skill level 7 in Fighting
  2459 | Sewer    | HP: 13/60 [kobold brigand (13)]
  2462 | Sewer    | Mangled by a kobold brigand

Vanquished Creatures
  An ogre (D:3)
  A phantom (D:2)
  2 kobold brigands (Sewer)
  3 adders
  4 river rats
  2 worms (D:2)
  3 dart slugs
  11 ball pythons
  4 endoplasms
  5 hobgoblins
  5 jackals
  10 kobolds
  2 quokkas
  7 bats
  4 frilled lizards
  4 goblins
  6 rats
74 creatures vanquished.

Vanquished Creatures (others)
  15 plants (Sewer)
15 creatures vanquished.

Grand Total: 89 creatures vanquished

Table legend:
 A = Non-vault XP
 B = Vault XP
 C = Vault XP percentage of total XP
 D = Non-vault monster count
 E = Vault monster count
 F = Vault count percentage of total count
                 A         B        C        D         E       F
            +---------+---------+-------+---------+---------+-------
      Total |     328 |     300 |  47.8 |      49 |      25 |  33.8
            +---------+---------+-------+---------+---------+-------
        D:1 |      33 |       0 |   0.0 |      21 |       0 |   0.0
        D:2 |     161 |       5 |   3.0 |      23 |       3 |  11.5
        D:3 |     134 |      14 |   9.5 |       5 |       2 |  28.6
      Sewer |       0 |     281 | 100.0 |       0 |      20 | 100.0
            +---------+---------+-------+---------+---------+-------

Illustrated notes

Table legend:
 A = Kills in this place as a percentage of kills in entire the game.
 B = Kills by you in this place as a percentage of kills by you in the entire game.
 C = Kills by friends in this place as a percentage of kills by friends in the entire game.
 D = Other kills in this place as a percentage of other kills in the entire game.
 E = Experience gained in this place as a percentage of experience gained in the entire game.
 F = Experience gained in this place divided by the number of levels of this place that you have seen.
                   A       B       C       D       E      F
               +-------+-------+-------+-------+-------+----------------------
         Total | 100.0 | 100.0 |   N/A |   N/A | 100.0 | 157.0
       Dungeon |  73.0 |  73.0 |   N/A |   N/A |  55.3 | 115.7
         Sewer |  27.0 |  27.0 |   N/A |   N/A |  44.7 | 281.0
               +-------+-------+-------+-------+-------+----------------------

Table legend: (Time is in decaauts)
 A = Elapsed time spent in this place.
 B = Non-inter-level travel time spent in this place.
 C = Inter-level travel time spent in this place.
 D = Time resting spent in this place.
 E = Time spent auto-exploring this place.
 F = Levels seen in this place.
 G = Mean time per level.
                   A        B        C        D        E       F      G
               +--------+--------+--------+--------+--------+-----+--------+
         Total |   2560 |   2482 |     78 |    252 |   1732 |   4 |  640.0 |
       Dungeon |   1942 |   1864 |     78 |     58 |   1479 |   3 |  647.3 |
         Sewer |    617 |    617 |      0 |    194 |    253 |   1 |  617.0 |
               +--------+--------+--------+--------+--------+-----+--------+

Top non-repeatable levels by time:
     D:1: 1185 daAuts
     D:2: 620 daAuts
   Sewer: 617 daAuts
     D:3: 136 daAuts
